AoeStats
← baresflorian1990

Lombardia

510160148Analyzed
3v3 RM · 3d ago on Sep 29, 2026· 122m 50s· 6 players
Game mode
Random Map
Map size
Normal (6 player)
Population
200
Speed
Normal
Resources
Standard
Victory
Conquest
Starting age
Dark Age
Ending age
Imperial Age
RankedLock teamsTeams togetherTeam positionsShared explorationLock speedFull tech treeHidden civsTurbo modeCheats
Victory
Defeat
🇩🇪 Magyars · Germany
1278
+14
🇩🇪 Spanish · Germany
1236
+15
🇩🇪 Mongols · Germany
1177
+19
🇩🇪 Goths · Germany
1222
-16
🇩🇪 Persians · Germany
1222
-16
🇩🇪 Cumans · Germany
1221
-16
DerSchrullie
4:57 Loom
12:15 Feudal Age
15:48 Castle Age
14:08 Double-Bit Axe
25:14 Horse Collar
25:47 Bow Saw
26:48 Scale Barding Armor
28:18 Wheelbarrow
30:14 Stone Mining
30:14 Gold Mining
31:27 Bloodlines
35:38 Imperial Age
33:15 Murder Holes
34:41 Chain Barding Armor
34:58 Forging
35:40 Hand Cart
35:27 Cavalier
36:09 Husbandry
36:50 Plate Barding Armor
37:24 Masonry
40:19 Iron Casting
39:45 Onager
40:42 Heavy Plow
41:46 Two-Man Saw
42:54 Conscription
42:27 Savar
44:33 Elite Skirmisher
51:05 Light Cavalry
53:06 Thumb Ring
54:50 Crop Rotation
60:29 Ballistics
59:59 Heated Shot
60:40 Architecture
61:13 Chemistry
60:48 Caravan
63:10 Gold Shaft Mining
63:08 Pikeman
63:56 Kamandaran
65:56 Heavy Camel Rider
67:02 Capped Ram
68:27 Hussar
74:15 Sappers
83:38 Siege Ram
99:46 Blast Furnace
100:08 Fletching
100:19 Padded Archer Armor
102:35 Leather Archer Armor
102:16 Bodkin Arrow
103:40 Guilds
FOB Nr6
8:56 Loom
12:12 Feudal Age
13:30 Double-Bit Axe
15:56 Castle Age
13:44 Double-Bit Axe
15:16 Horse Collar
17:26 Fletching
18:14 Bow Saw
18:08 Bodkin Arrow
19:27 Padded Archer Armor
24:38 Bloodlines
28:27 Gold Mining
32:09 Leather Archer Armor
32:30 Wheelbarrow
31:40 Town Watch
35:00 Town Patrol
36:02 Hand Cart
36:59 Ballistics
40:17 Imperial Age
41:31 Ring Archer Armor
42:03 Chemistry
41:30 Parthian Tactics
41:42 Conscription
41:45 Thumb Ring
42:33 Elite Kipchak
49:44 Cuman Mercenaries
52:09 Hoardings
56:34 Guilds
58:44 Caravan
61:03 Murder Holes
61:18 Masonry
67:26 Two-Man Saw
66:28 Heavy Plow
77:58 Capped Ram
79:05 Siege Ram
92:17 Crop Rotation
115:19 Herbal Medicine
Papa.Pawelczyk
2:45 Loom
11:48 Feudal Age
13:19 Double-Bit Axe
17:44 Castle Age
15:51 Horse Collar
17:14 Scale Mail Armor
17:26 Forging
18:47 Man-at-Arms
21:28 Bow Saw
22:31 Gold Mining
22:32 Stone Mining
23:49 Long Swordsman
26:37 Wheelbarrow
27:51 Heavy Plow
27:55 Squires
27:53 Pikeman
30:27 Stone Shaft Mining
29:52 Fletching
30:04 Padded Archer Armor
29:58 Elite Skirmisher
31:33 Anarchy
33:35 Hand Cart
33:58 Ballistics
33:22 Treadmill Crane
34:41 Murder Holes
39:04 Imperial Age
40:56 Crop Rotation
41:31 Two-Man Saw
41:10 Iron Casting
40:30 Bodkin Arrow
40:51 Chain Mail Armor
40:51 Leather Archer Armor
40:02 Halberdier
41:35 Perfusion
41:56 Conscription
41:11 Sappers
43:42 Blast Furnace
43:05 Elite Huskarl
45:08 Chemistry
45:55 Caravan
47:50 Bracer
48:21 Ring Archer Armor
60:16 Masonry
84:31 Two-Handed Swordsman
85:00 Capped Ram
118:13 Champion
baresflorian1990
3:43 Loom
3:49 Loom
11:41 Feudal Age
15:25 Castle Age
13:19 Horse Collar
13:27 Double-Bit Axe
14:47 Stone Mining
17:35 Bow Saw
25:51 Heavy Plow
29:52 Stone Shaft Mining
29:08 Gold Mining
30:21 Wheelbarrow
31:20 Scale Barding Armor
31:26 Forging
35:12 Imperial Age
33:01 Husbandry
33:55 Hand Cart
36:33 Chain Barding Armor
36:49 Iron Casting
38:06 Two-Man Saw
36:34 Elite Conquistador
38:40 Plate Barding Armor
42:18 Chemistry
41:14 Murder Holes
43:27 Ballistics
43:28 Bombard Tower
43:19 Fortified Wall
43:19 Masonry
44:30 Blast Furnace
43:31 Scale Mail Armor
49:11 Caravan
58:27 Two-Man Saw
57:10 Elite Skirmisher
57:56 Padded Archer Armor
57:47 Fletching
57:27 Capped Ram
60:12 Siege Ram
63:57 Bodkin Arrow
64:18 Leather Archer Armor
69:49 Ring Archer Armor
69:20 Bracer
91:43 Onager
95:27 Coinage
110:22 Cavalier
111:48 Paladin
Mescal
11:43 Feudal Age
15:45 Castle Age
13:47 Horse Collar
16:07 Double-Bit Axe
18:20 Loom
20:25 Wheelbarrow
22:59 Bloodlines
22:50 Husbandry
23:43 Scale Barding Armor
24:07 Gold Mining
27:55 Gold Shaft Mining
30:51 Hand Cart
33:20 Imperial Age
31:17 Chain Barding Armor
32:31 Fletching
32:49 Town Watch
33:09 Heavy Plow
34:07 Scale Mail Armor
34:43 Plate Barding Armor
33:42 Cavalier
35:13 Bodkin Arrow
35:31 Masonry
35:18 Paladin
36:22 Town Patrol
37:39 Conscription
37:07 Treadmill Crane
37:48 Ballistics
41:34 Chemistry
40:40 Siege Engineers
41:08 Bow Saw
41:30 Crop Rotation
43:01 Bracer
45:27 Caravan
47:06 Bracer
47:49 Murder Holes
55:44 Light Cavalry
56:41 Corvinian Army
57:34 Elite Magyar Huszar
57:44 Elite Magyar Huszar
59:46 Hoardings
63:03 Guard Tower
63:04 Heated Shot
74:01 Capped Ram
89:11 Scale Mail Armor
92:28 Onager
98:01 Coinage
102:21 Banking
strongfire2002
3:52 Loom
9:56 Feudal Age
16:39 Castle Age
15:31 Stone Mining
16:47 Gold Mining
16:47 Double-Bit Axe
16:48 Horse Collar
19:36 Bow Saw
19:45 Heavy Plow
23:14 Fletching
23:25 Padded Archer Armor
27:46 Bodkin Arrow
28:48 Wheelbarrow
29:09 Gold Shaft Mining
30:08 Hand Cart
33:07 Ballistics
33:43 Leather Archer Armor
36:47 Imperial Age
34:58 Town Watch
39:18 Chemistry
38:19 Bracer
38:43 Masonry
38:46 Bloodlines
38:36 Husbandry
38:51 Thumb Ring
41:42 Drill
42:02 Hoardings
41:52 Conscription
42:19 Siege Engineers
42:06 Elite Mangudai
42:45 Capped Ram
44:32 Parthian Tactics
44:34 Siege Ram
51:35 Light Cavalry
54:01 Hussar
54:55 Forging
54:50 Scale Barding Armor
65:38 Iron Casting
70:08 Blast Furnace
78:14 Fortified Wall
94:27 Chain Barding Armor
Connection lost

Rejoining the realm…

Still unreachable

The connection could not be restored.

Session expired

The server has moved on; the page needs a fresh start.